 Dungeon Crawl Stone Soup version 0.16.1-28-gcc2312f (webtiles) character file.

62509 angrylion the Fighter (level 15, -9/101 HPs)
             Began as a Gargoyle Fighter on May 25, 2015.
             Was a High Priest of Okawaru.
             Mangled by an acid blob (33 damage)
             ... on level 1 of the Pits of Slime.
             The game lasted 03:06:58 (25468 turns).

angrylion the Fighter (Gargoyle Fighter)           Turns: 25468, Time: 03:07:00

Health: -9/101     AC: 19    Str: 24    XL:     15   Next: 6%
Magic:  22/22      EV:  8    Int: 21    God:    Okawaru [*****.]
Gold:   1195       SH: 13    Dex:  9    Spells: 0 memorised, 14 levels left

rFire  . . .     SeeInvis .     m - +3 eveningstar (protect)
rCold  + . .     Clarity  .     J - +2 plate armour {rF+}
rNeg   + . .     SustAb   .     c - +0 shield
rPois  ∞         Gourm    .     t - +0 helmet {Int+3}
rElec  +         Spirit   .     i - +2 cloak {+Inv}
rCorr  +         Warding  .     G - +1 pair of gloves
rMut   +         Stasis   .     H - +2 pair of boots of Impatience {rC- rCorr Int+3}
MR     +....                    b - amulet of resist mutation
Stlth  ..........               W - ring of Awe {rC+ Int+4}
                                K - ring of ice

@: corroded equipment, somewhat resistant to hostile enchantments, extremely
unstealthy
A: able to fly continuously, big wings, negative energy resistance 1,
electricity resistance, unbreathing, petrification resistance, rot immunity, AC
+11
a: Fly, Heroism, Finesse, Renounce Religion, Evoke Invisibility


You were on level 1 of the Pits of Slime.
You worshipped Okawaru.
Okawaru was extremely pleased with you.
You were very hungry.

You visited 4 branches of the dungeon, and saw 18 of its levels.
You also visited: Labyrinth and Ossuary.

You collected 1195 gold pieces.

Inventory:

Hand weapons
 m - a +3 eveningstar of protection (weapon)
Missiles
 h - 7 silver javelins
 v - 5 tomahawks of returning (quivered)
 L - 8 poisoned javelins
 Q - 4 throwing nets
 U - 8 tomahawks
 X - 5 silver tomahawks
Armour
 c - a +0 shield (worn)
 i - a +2 cloak of invisibility (worn)
 t - a +0 helmet of intelligence (worn)
 G - a +1 pair of gloves (worn)
 H - the +2 pair of boots of Impatience (worn) {rC- rCorr Int+3}
   (You found it on level 8 of the Lair of Beasts)

   It affects your intelligence (+3).
   It makes you vulnerable to cold.
   It protects you from acid and corrosion.
 J - a +2 plate armour of fire resistance (worn)
 N - a +0 pair of boots
Jewellery
 b - an amulet of resist mutation (around neck)
 p - an uncursed ring of protection from magic
 y - an uncursed ring of see invisible
 K - a ring of ice (left hand)
 P - an uncursed ring of flight
 W - the ring of Awe (right hand) {rC+ Int+4}
   (You found it in a labyrinth)

   [ring of protection from cold]

   It affects your intelligence (+4).
   It protects you from cold.
Magical devices
 a - a wand of paralysis (9)
 n - a wand of enslavement (0)
 o - a wand of fireball (2)
 F - a wand of slowing (5)
 I - a wand of digging (6)
 O - a wand of enslavement (14)
 R - a wand of enslavement (9)
 S - a wand of heal wounds (2)
 Z - a wand of heal wounds (1)
Scrolls
 f - 13 scrolls of remove curse
 g - 11 scrolls of teleportation
 j - 5 scrolls of recharging {unknown}
 k - 3 scrolls of enchant weapon {unknown}
 l - 3 scrolls of magic mapping {unknown}
 r - 4 scrolls of blinking {unknown}
 u - 4 scrolls of fog {unknown}
 w - 5 scrolls of amnesia {unknown}
 z - a scroll of random uselessness {unknown}
 B - a scroll of brand weapon {unknown}
 C - 2 scrolls of enchant armour {unknown}
Potions
 e - 4 potions of might
 q - 3 potions of haste
 x - 5 potions of curing
 A - 2 potions of agility
 E - 3 potions of heal wounds
 M - a potion of restore abilities
 V - a potion of mutation {unknown}
Miscellaneous
 Y - a box of beasts {used: 2}
Comestibles
 d - 8 bread rations
 D - 7 meat rations


   Skills:
 * Level 14.6 Fighting
 + Level 12.0 Maces & Flails
 + Level 7.5 Throwing
 + Level 11.0 Armour
 + Level 5.3 Dodging
 + Level 1.4 Stealth
 + Level 13.6 Shields
 + Level 1.6 Invocations
 + Level 4.2 Evocations


You had 14 spell levels left.
You didn't know any spells.

Dungeon Overview and Level Annotations

Branches:
Dungeon (8/15)             Temple (1/1) D:5            Lair (8/8) D:8
 Shoals (0/5) Lair:3        Snake (0/5) Lair:4        Slime (1/6) Lair:8

Altars:
Ashenzari
Cheibriados
Dithmenos
Elyvilon
Fedhas
Gozag
Kikubaaqudgha
Makhleb
Nemelex Xobeh
Okawaru
Qazlal
Ru
Sif Muna
Trog
Vehumet
Xom
Yredelemnul
Zin
The Shining One


Innate Abilities, Weirdness & Mutations

You are resistant to torment.
You are immune to poison.
You can fly continuously.
Your stone body is very resilient (AC +11).
Your wings are large and strong.
You resist negative energy.
You are resistant to electric shocks.
You can survive without breathing.
You are immune to petrification.
You are immune to rotting.


Message History

Press: ? - help, Shift-Dir - straight line, f - you You feel much better.
Evoking this partially-identified wand wasted a few charges.
The slime creature hits you but does no damage.
The slime creature closely misses you. The acid blob hits you!!
* * * LOW HITPOINT WARNING * * *
You are splashed with acid!
The acid burns!
You resist.
* * * LOW HITPOINT WARNING * * *
You block the slime creature's attack.
Evoke which item? (* to show all) (? for menu, Esc to quit)
Zapping:
Z - a wand of heal wounds {zapped: 2} (will waste charges)
Press: ? - help, Shift-Dir - straight line, f - you You feel much better.
Evoking this partially-identified wand wasted a few charges.
The slime creature hits you!
* * * LOW HITPOINT WARNING * * *
The slime creature hits you.
* * * LOW HITPOINT WARNING * * *
The acid blob hits you!!
You die...

...............#
..............###
......#...........
..................
..................
................##
...............##
..............##
##....J@J...##
#.....JJ...#
............#
............#
....#.......#
....#......#
..........#
......... ...


You could see an acid blob and 3 slime creatures.

Vanquished Creatures
  An azure jelly (Slime:1)
  Maud (Lair:4)
  Gastronok (D:8)
  A minotaur (Lab)
  An ice dragon (Lair:7)
  Fannar (Lair:8)
  Harold (Lair:8)
  8 hydras
  Erica (Lair:5)
  A shining eye (Slime:1)
  12 black mambas
  13 elephants
  Joseph (D:7)
  A siren (Lair:3)
  2 molten gargoyles (Lair:5)
  9 komodo dragons
  27 spiny frogs
  3 fire drakes
  2 merfolk (Lair:3)
  A wandering mushroom (D:8)
  2 giant leeches (Lair:8)
  A troll (D:7)
  3 polar bears
  Prince Ribbit (D:8)
  A basilisk (Lair:7)
  41 blink frogs
  A spriggan (Lair:3)
  21 yaks
  8 hippogriffs
  3 wyverns
  9 wolves
  Edmund (D:8)
  Menkaure (D:7)
  5 vampire mosquitoes
  11 swamp worms (Lair:5)
  26 water moccasins
  17 porcupines
  4 ice beasts
  A black bear (D:7)
  4 orc warriors
  A sky beast (D:3)
  A wasp (Lair:3)
  A phantom (D:8)
  7 crocodiles
  4 ogres
  2 centaurs
  A boring beetle (Lair:6)
  4 brain worms
  2 elf zombies (Ossuary)
  23 giant frogs
  A wyvern skeleton (D:8)
  2 scorpions
  A killer bee (D:7)
  3 electric eels
  5 wights (D:6)
  3 crimson imps
  2 goliath beetles
  A giant frog zombie (D:6)
  4 lava snakes (Lair:5)
  A centaur zombie (Ossuary)
  5 hounds
  2 human zombies (Ossuary)
  Crazy Yiuf (D:7)
  2 gnoll shamans
  2 orc priests
  6 jellies
  2 giant frog skeletons
  4 iguanas
  8 worker ants
  2 orc wizards (D:6)
  7 hell rats
  27 sheep
  2 big kobold zombies (Ossuary)
  2 hound zombies
  3 mummies (Ossuary)
  29 river rats
  14 gnolls
  A shadow imp (D:6)
  3 white imps (Lair:7)
  19 adders
  A giant mite (D:3)
  7 worms
  6 adder zombies (Ossuary)
  2 adder skeletons
  8 giant geckos
  2 oozes (Lair:8)
  18 orcs
  19 bats
  A bat zombie (D:8)
  7 giant cockroaches
  A gnoll zombie (Ossuary)
  18 hobgoblins
  17 jackals
  22 quokkas
  3 ball pythons
  A giant newt (D:2)
  15 goblins
  5 goblin zombies (Ossuary)
  3 hobgoblin zombies (Ossuary)
  3 jackal zombies (Ossuary)
  11 kobolds
  2 kobold zombies (Ossuary)
  An orc zombie (Ossuary)
  7 quokka zombies
  16 rats
  A rat zombie (Ossuary)
  6 ballistomycetes (D:6)
  3 fungi
  4 plants
669 creatures vanquished.

Vanquished Creatures (collateral kills)
  6 golden eyes (Slime:1)
  A crocodile (Lair:6)
  A giant frog (Lair:8)
  An adder (Lair:6)
  A quokka (Lair:4)
10 creatures vanquished.

Vanquished Creatures (others)
  2 blink frogs (Lair:8)
  A water moccasin (Lair:8)
  A giant frog (Lair:8)
  A chimera (Lair:8)
  A lava snake (Lair:5)
  An adder (Lair:8)
  A giant spore (D:6)
  12 fungi
  14 plants
34 creatures vanquished.

Grand Total: 713 creatures vanquished

Notes
Turn   | Place    | Note
--------------------------------------------------------------
     0 | D:1      | angrylion, the Gargoyle Fighter, began the quest for the Orb.
     0 | D:1      | Reached XP level 1. HP: 14/14 MP: 1/1
    54 | D:1      | Reached XP level 2. HP: 17/19 MP: 2/2
   670 | D:1      | Reached XP level 3. HP: 19/23 MP: 3/3
  1327 | D:2      | Reached skill level 1 in Dodging
  1421 | D:2      | Reached XP level 4. HP: 29/29 MP: 4/4
  1488 | D:2      | Reached skill level 4 in Fighting
  1812 | D:3      | Reached XP level 5. HP: 25/33 MP: 5/5
  1936 | D:3      | Found a sacrificial altar of Ru.
  2263 | D:3      | Noticed a sky beast
  2297 | D:3      | Killed a sky beast
  2297 | D:3      | Reached XP level 6. HP: 31/40 MP: 6/6
  2792 | D:4      | Reached skill level 5 in Fighting
  2965 | D:4      | Found a sand-covered staircase.
  2986 | Ossuary  | Entered an ossuary
  3072 | Ossuary  | Reached XP level 7. HP: 41/44 MP: 7/7
  3099 | Ossuary  | Reached skill level 5 in Shields
  3844 | D:4      | Reached skill level 6 in Fighting
  4268 | D:4      | Reached XP level 8. HP: 43/51 MP: 8/8
  4564 | D:5      | Entered Level 5 of the Dungeon
  5143 | D:5      | Reached skill level 5 in Armour
  5514 | D:5      | Found a staircase to the Ecumenical Temple.
  5523 | Temple   | Entered the Ecumenical Temple
  5599 | Temple   | Became a worshipper of Warmaster Okawaru
  6313 | D:5      | Reached skill level 7 in Fighting
  6500 | D:6      | Reached XP level 9. HP: 54/57 MP: 9/9
  6579 | D:6      | Reached skill level 5 in Maces & Flails
  7062 | D:6      | Acquired Okawaru's first power
  7090 | D:6      | Found a white marble altar of Elyvilon.
  7862 | D:7      | Reached skill level 1 in Throwing
  8283 | D:7      | Reached skill level 8 in Fighting
  8292 | D:7      | Noticed Menkaure
  8605 | D:7      | Killed Menkaure
  8652 | D:7      | Noticed Joseph
  8698 | D:7      | Killed Joseph
  8910 | D:7      | Reached XP level 10. HP: 65/65 MP: 11/11
  9001 | D:7      | Noticed Crazy Yiuf
  9006 | D:7      | Killed Crazy Yiuf
  9399 | D:8      | Noticed Gastronok
  9442 | D:8      | Killed Gastronok
  9442 | D:8      | Reached skill level 9 in Fighting
  9577 | D:8      | Noticed Edmund
  9635 | D:8      | Killed Edmund
 10319 | D:8      | Found a staircase to the Lair.
 10397 | D:8      | Noticed Prince Ribbit
 10413 | D:8      | Killed Prince Ribbit
 10659 | Lair:1   | Entered Level 1 of the Lair of Beasts
 10777 | D:8      | Reached skill level 1 in Evocations
 10777 | D:8      | Reached XP level 11. HP: 64/71 MP: 12/12
 11047 | Lair:1   | Acquired Okawaru's second power
 11053 | Lair:1   | Found a bloodstained altar of Trog.
 11070 | Lair:1   | Reached skill level 10 in Fighting
 11108 | Lair:1   | Reached skill level 10 in Shields
 11920 | Lair:2   | Found a labyrinth entrance.
 11926 | Lab      | Entered a labyrinth
 12147 | Lab      | Noticed a minotaur
 12162 | Lab      | Killed a minotaur
 12162 | Lab      | Reached skill level 1 in Invocations
 12211 | Lab      | Got a flickering steel ring
 12211 | Lab      | Got a translucent glass ring
 12438 | Lair:1   | Identified the ring "Waguxos" {rF- rC+ Str+4 Dex+5} (You found it in a labyrinth)
 12440 | Lair:1   | Identified the ring of Awe {rC+ Int+4} (You found it in a labyrinth)
 12504 | Lair:1   | Received a gift from Okawaru
 12946 | Lair:2   | Noticed an eight-headed hydra
 12963 | Lair:2   | Killed an eight-headed hydra
 13859 | Lair:2   | Reached XP level 12. HP: 75/79 MP: 16/16
 13883 | Lair:2   | Reached skill level 11 in Fighting
 14472 | Lair:2   | Reached skill level 1 in Stealth
 15311 | Lair:3   | Found a staircase to the Shoals.
 15868 | Lair:3   | Received a gift from Okawaru
 16014 | Lair:3   | Received a gift from Okawaru
 16362 | Lair:4   | Found a staircase to the Snake Pit.
 16393 | Lair:4   | Reached skill level 5 in Throwing
 16408 | Lair:4   | Received a gift from Okawaru
 16450 | Lair:4   | Reached skill level 12 in Fighting
 16548 | Lair:4   | Noticed Maud
 16568 | Lair:4   | Killed Maud
 16568 | Lair:4   | Reached XP level 13. HP: 72/86 MP: 20/20
 16812 | Lair:4   | Found a shimmering altar of Xom.
 16904 | Lair:4   | Noticed a five-headed hydra
 16915 | Lair:4   | Killed a five-headed hydra
 17196 | Lair:4   | You fall through a shaft for 2 floors!
 17490 | Lair:5   | Noticed Erica
 17503 | Lair:5   | Killed Erica
 17741 | Lair:5   | Reached skill level 10 in Maces & Flails
 18205 | Lair:5   | Received a gift from Okawaru
 18438 | Lair:5   | Lost intelligence.
 18787 | Lair:5   | Reached skill level 10 in Armour
 20115 | Lair:6   | Received a gift from Okawaru
 20264 | Lair:6   | Reached skill level 13 in Fighting
 20264 | Lair:6   | Reached skill level 5 in Dodging
 21803 | Lair:7   | Received a gift from Okawaru
 21817 | Lair:7   | Gained mutation: Your wings are large and strong. [gargoyle growth]
 21817 | Lair:7   | Reached XP level 14. HP: 60/94 MP: 20/20
 23381 | Lair:8   | Entered Level 8 of the Lair of Beasts
 23468 | Lair:8   | Noticed Fannar
 23628 | Lair:8   | Found a staircase to the Slime Pits.
 23719 | Lair:8   | Killed Fannar
 23744 | Lair:8   | Reached skill level 14 in Fighting
 23945 | Lair:8   | Received a gift from Okawaru
 24119 | Lair:8   | Received a gift from Okawaru
 24362 | Lair:8   | Got a pair of fine boots
 24368 | Lair:8   | Identified the +2 pair of boots of Impatience {rC- rCorr Int+3} (You found it on level 8 of the Lair of Beasts)
 24523 | Lair:8   | Got a transparent mace
 24524 | Lair:8   | Identified the +4 mace "Xoyguaczi" {crush, MR+} (You found it on level 8 of the Lair of Beasts)
 24696 | Lair:8   | Noticed Harold
 24714 | Lair:8   | Killed Harold
 24746 | Lair:8   | Got a turquoise-encrusted plate armour
 24757 | Lair:8   | Identified the +5 plate armour "Shruzexe" {MR++ Dex-4} (You found it on level 8 of the Lair of Beasts)
 25057 | Slime:1  | Entered Level 1 of the Pits of Slime
 25064 | Slime:1  | Reached XP level 15. HP: 101/101 MP: 22/22
 25074 | Slime:1  | Noticed an azure jelly
 25086 | Slime:1  | Killed an azure jelly
 25456 | Slime:1  | Noticed an acid blob
 25468 | Slime:1  | Mangled by an acid blob

Action                   |  1- 3 |  4- 6 |  7- 9 | 10-12 | 13-15 || total
-------------------------+-------+-------+-------+-------+-------++-------
Melee: Flail             |   131 |   273 |   788 |   446 |       ||  1638
       Eveningstar       |       |       |       |   425 |  1200 ||  1625
Throw: Stone             |     2 |    10 |    67 |     7 |       ||    86
       Tomahawk          |       |       |    10 |    46 |   193 ||   249
       Javelin           |       |       |       |     2 |     4 ||     6
Invok: Heroism           |       |       |     2 |     1 |       ||     3
       Finesse           |       |       |       |     1 |     1 ||     2
 Abil: Fly               |       |       |       |       |     1 ||     1
       Stop Flying       |       |       |       |       |     1 ||     1
Evoke: Wand              |       |     2 |     7 |    86 |    42 ||   137
       Box of beasts     |       |       |       |       |     3 ||     3
  Use: Scroll            |     4 |       |     3 |     3 |     4 ||    14
       Potion            |       |       |     1 |     2 |     6 ||     9
 Stab: Paralysed         |       |       |       |     5 |       ||     5
       Distracted        |       |       |       |       |     2 ||     2
  Eat: Fruit             |     1 |     3 |       |       |       ||     4
       Chunk             |     1 |     2 |    16 |    24 |    31 ||    74
       Pizza             |       |     1 |     1 |     1 |       ||     3
       Beef jerky        |       |       |     1 |       |     2 ||     3
       Royal jelly       |       |       |     1 |       |       ||     1
